AoeStats
← ArtTroy2751

Arena

510449221Analyzed
1v1 RM · 12h ago on Oct 1, 2026· 32m 30s· 2 players
Game mode
Random Map
Map size
Tiny (2 player)
Population
200
Speed
Normal
Resources
Standard
Victory
Conquest
Starting age
Dark Age
Ending age
Imperial Age
RankedLock teamsTeams togetherTeam positionsShared explorationLock speedFull tech treeHidden civsTurbo modeCheats
Victory
Defeat
🇲🇽 Turks · Mexico
1257
+14
🇺🇸 Gurjaras · United States
1215
-14
supBruh
5:11 Loom
10:53 Feudal Age
15:38 Castle Age
13:27 Double-Bit Axe
14:58 Horse Collar
16:34 Heavy Plow
28:36 Imperial Age
26:32 Scale Barding Armor
28:02 Bloodlines
28:29 Forging
28:26 Husbandry
29:49 Iron Casting
32:28 Scale Barding Armor
ArtTroy2751
11:54 Feudal Age
15:56 Castle Age
14:54 Double-Bit Axe
14:52 Horse Collar
25:15 Imperial Age
22:31 Loom
24:01 Bow Saw
25:22 Gold Mining
27:08 Bloodlines
Connection lost

Rejoining the realm…

Still unreachable

The connection could not be restored.

Session expired

The server has moved on; the page needs a fresh start.